 Dungeon Crawl Stone Soup version 0.23-a0-393-g6e9e0f2070 (webtiles) character file.

1019 PikkenKukken the Insei (level 8, -9/54 HPs)
             Began as a Demonspawn Transmuter on Oct 31, 2018.
             Mangled by an ogre
             ... wielding a cursed -2 giant club
              (12 damage)
             ... on level 6 of the Dungeon.
             The game lasted 00:11:25 (6916 turns).

PikkenKukken the Insei (Demonspawn Transmuter)      Turns: 6916, Time: 00:11:26

Health: -9/54      AC:  6    Str:  9    XL:     8   Next: 2%
Magic:  3/3        EV: 15    Int: 24    God:
Gold:   301        SH:  0    Dex: 16    Spells: 5/11 levels left

rFire    . . .     SeeInvis .   C - +10 spear of Nehi {antimagic, Int+8 Dex+2}
rCold    . . .     Gourm    .   (no shield)
rNeg     . . .     Faith    .   n - +1 robe
rPois    .         Spirit   .   (helmet restricted)
rElec    .         Reflect  .   (no cloak)
rCorr    .         Harm     .   s - +2 pair of gloves
MR       .....                  (no boots)
Stlth    +.........             (no amulet)
HPRegen  0.18/turn              j - -2 ring of strength (curse)
MPRegen  0.08/turn              (no ring)

@: no status effects
A: horns 1, demonic guardian 1, powered by pain 2
a: no special abilities


You were on level 6 of the Dungeon.
You were not hungry.

You visited 1 branch of the dungeon, and saw 6 of its levels.

You collected 301 gold pieces.

Inventory:

Hand Weapons
 a - a +1 short sword of electrocution
 b - a +0 hunting sling of venom
 x - the +7 mace "Duseumn" {speed, +Inv Int-4 Dex+3 SInv}
   (You found it on level 5 of the Dungeon)

   Attacks with this weapon are significantly faster.
   It affects your intelligence (-4).
   It affects your dexterity (+3).
   It lets you see invisible.
   It lets you turn invisible.
 C - the +10 spear of Nehi (weapon) {antimagic, Int+8 Dex+2}
   (You found it on level 5 of the Dungeon)

   It reduces the magical energy of the wielder, and disrupts the spells and
   magical abilities of those hit.
   Natural abilities and divine invocations are not affected.
   It affects your intelligence (+8).
   It affects your dexterity (+2).
Missiles
 f - 29 arrows
 i - 22 sling bullets
Armour
 n - a +1 robe (worn)
 s - a +2 pair of gloves (worn)
Jewellery
 j - a cursed -2 ring of strength (left hand)
 B - a cursed ring of attention {unknown}
Wands
 q - a wand of flame (25)
 y - a wand of paralysis (3)
 A - a wand of digging (7)
Scrolls
 k - 4 scrolls of magic mapping
 p - a scroll of enchant armour
 v - 3 scrolls of remove curse
 w - 6 scrolls of identify
Potions
 c - 2 potions of might {unknown}
 e - a potion of brilliance {unknown}
 h - 9 potions of curing
 l - 3 potions of flight {unknown}
 m - a potion of ambrosia {unknown}
 o - a potion of heal wounds {unknown}
 r - a potion of haste {unknown}
 t - a potion of agility
 u - 2 potions of degeneration {unknown}
 z - a potion of lignification {unknown}
Comestibles
 d - 6 rations


   Skills:
 - Level 1.0 Fighting
 + Level 4.4 Dodging
 * Level 6.6 Unarmed Combat
 - Level 2.0 Spellcasting
 + Level 4.5 Transmutations


You had 5 spell levels left.
You knew the following spells:

 Your Spells              Type           Power        Failure   Level  Hunger
a - Beastly Appendage     Tmut           ###...       1%          1    #......
b - Sticks to Snakes      Tmut           ###.....     2%          2    ##.....
c - Spider Form           Tmut/Pois      ##........   14%         3    ###....

Your spell library contained the following spells:

 Spells                   Type           Power        Failure   Level  Hunger
 Ice Form                 Ice/Tmut       ##......     43%         4    #####..
 Blade Hands              Tmut           ###.......   45%         5    ######.


Dungeon Overview and Level Annotations

Branches:
Dungeon (6/15)
 Temple: D:4-7

Altars:
Cheibriados
Makhleb
Qazlal
Yredelemnul


Innate Abilities, Weirdness & Mutations

You have a pair of small horns on your head.
A weak demonic guardian rushes to your aid.
You sometimes gain power by taking damage.


Message History

The orc looks frightened!
The orc priest looks frightened!
The quokka looks frightened!
The centaur looks frightened!
The orc looks frightened!
The crimson imp is unaffected.
The hound looks frightened!
It was a scroll of fear.
An ogre comes into view. It is wielding a -2 giant club.
Your white imp blows smoke rings.
Something bites your white imp but does no damage.
The ogre completely misses you.
Something completely misses your white imp.
The crimson imp hits you but does no damage.
The ogre hits you with a cursed -2 giant club!
* * * LOW HITPOINT WARNING * * *
Your white imp gestures at the crimson imp.
The puff of frost hits the crimson imp.
The crimson imp is frozen!
The crimson imp dies!
Your white imp gestures at the ogre.
The puff of frost hits the ogre.
There is a stone staircase leading up, spattered with blood here.
The ogre hits you with a cursed -2 giant club!
You die...

#h.<....)..#
#..........#
#...o5.(...#
##........##
#o.......##
$..........#
#..........#
#.o>......O########
#..........@.......
#.....<...5.#######
#........#..
#......###.. ###.##
### #. #


You could see an ogre, an orc and 2 friendly white imps.

Vanquished Creatures
  An ice beast (D:5)
  An ogre (D:4)
  A centaur (D:5)
  2 howler monkeys
  A crimson imp (D:5)
  4 orc priests (D:4)
  A hound (D:4)
  3 orc wizards (D:4)
  Terence (D:3)
  4 worker ants
  8 adders
  3 oozes
  A worm (D:2)
  2 dart slugs
  4 leopard geckos
  9 orcs
  7 bats
  A giant cockroach (D:4)
  9 goblins
  11 hobgoblins
  22 jackals
  4 kobolds
  2 quokkas
  2 ball pythons
  2 frilled lizards
  3 rats
109 creatures vanquished.

Vanquished Creatures (collateral kills)
  A scorpion (D:5)
  3 crimson imps
  A bullfrog zombie (D:5)
  An adder (D:3)
  A ball python (D:5)
  A frilled lizard (D:3)
8 creatures vanquished.

Grand Total: 117 creatures vanquished

Notes
Turn   | Place    | Note
-------+----------+-------------------------------------------
     0 | D:1      | PikkenKukken the Demonspawn Transmuter began the quest for
                  | the Orb.
     0 | D:1      | Reached XP level 1. HP: 15/15 MP: 3/3
   190 | D:1      | Reached skill level 3 in Unarmed Combat
   190 | D:1      | Gained mutation: You sometimes gain a little power by
                  | taking damage. [demonic ancestry]
   190 | D:1      | Reached XP level 2. HP: 18/21 MP: 5/5
   913 | D:1      | Learned a level 2 spell: Sticks to Snakes
   980 | D:1      | Gained mutation: You sometimes gain power by taking damage.
                  | [demonic ancestry]
   980 | D:1      | Reached XP level 3. HP: 26/26 MP: 6/6
  3020 | D:2      | Reached XP level 4. HP: 32/32 MP: 7/7
  3499 | D:3      | Noticed Terence
  3505 | D:3      | Killed Terence
  3505 | D:3      | Reached skill level 4 in Unarmed Combat
  3740 | D:2      | Gained mutation: You have a pair of small horns on your
                  | head. [demonic ancestry]
  3740 | D:2      | Reached XP level 5. HP: 29/37 MP: 8/8
  4675 | D:4      | Found a burning altar of Makhleb.
  4698 | D:4      | Reached XP level 6. HP: 43/43 MP: 7/9
  4764 | D:4      | Reached skill level 5 in Unarmed Combat
  5044 | D:4      | Found a basalt altar of Yredelemnul.
  5071 | D:4      | Found a stormy altar of Qazlal.
  5100 | D:4      | Gained mutation: A weak demonic guardian rushes to your
                  | aid. [demonic ancestry]
  5100 | D:4      | Reached XP level 7. HP: 36/48 MP: 7/10
  5386 | D:4      | Found a snail-covered altar of Cheibriados.
  5410 | D:5      | Entered Level 5 of the Dungeon
  5595 | D:5      | Got a scorched mace
  5798 | D:5      | Reached skill level 6 in Unarmed Combat
  6108 | D:5      | Identified the +7 mace "Duseumn" {speed, +Inv Int-4 Dex+3
                  | SInv} (You found it on level 5 of the Dungeon)
  6205 | D:5      | Paralysed by a crimson imp for 4 turns
  6232 | D:5      | Paralysed by a crimson imp for 5 turns
  6350 | D:5      | Learned a level 3 spell: Spider Form
  6478 | D:5      | Reached XP level 8. HP: 42/54 MP: 6/11
  6601 | D:5      | Got a jewelled spear
  6602 | D:5      | Identified the +10 spear of Nehi {antimagic, Int+8 Dex+2}
                  | (You found it on level 5 of the Dungeon)
  6914 | D:6      | HP: 2/54 [ogre/cursed -2 giant club (15)]
  6916 | D:6      | Mangled by an ogre

Vault maps used:
D:1:      lightli_arrival_chessboard, serial_curves, eino_curves_01,
          eino_curves_03, serial_park_tiny_1
D:3:      minmay_ruptured, uniq_terence
D:4:      lemuel_round_altar, grunt_temple_overflow_open
D:5:      first_ration, chequers_big_river
D:6:      lemuel_coloured_pillars_altar

Skill      XL: |  1  2  3  4  5  6  7 |
---------------+----------------------+-----
Dodging        | 2 3 4 |  4.4
Unarmed Combat | 3 4 5 6 |  6.6
Transmutations | 2 3 4 |  4.5
Fighting       | |  1.0
Spellcasting   | |  2.0

Action                   |  1- 3 |  4- 6 |  7- 9 || total
-------------------------+-------+-------+-------++-------
Melee: Short sword       |   144 |   139 |    64 ||   347
       Unarmed           |     8 |       |       ||     8
       Punch             |     3 |       |     1 ||     4
       Kick              |     3 |     9 |     3 ||    15
       Headbutt          |     3 |    14 |    18 ||    35
       Mace              |       |       |    33 ||    33
       Spear             |       |       |     2 ||     2
 Fire: Hunting sling     |     4 |       |       ||     4
 Cast: Beastly Appendage |     5 |    16 |     4 ||    25
       Sticks to Snakes  |       |    13 |     7 ||    20
  Use: Scroll            |     3 |     3 |     2 ||     8
 Stab: Distracted        |     1 |       |       ||     1
       Sleeping          |     1 |     1 |       ||     2
  Eat: Chunk             |     7 |     8 |     4 ||    19
       Ration            |       |       |     1 ||     1
Armor: Robe              |    34 |    39 |    31 ||   104
Dodge: Dodged            |   111 |   101 |    85 ||   297

Table legend:
 A = Non-vault XP
 B = Vault XP
 C = Vault XP percentage of total XP
 D = Non-vault monster count
 E = Vault monster count
 F = Vault count percentage of total count
                 A         B        C        D         E       F
            +---------+---------+-------+---------+---------+-------
      Total |    1408 |      49 |   3.4 |     114 |       3 |   2.6
            +---------+---------+-------+---------+---------+-------
        D:1 |      46 |       0 |   0.0 |      20 |       0 |   0.0
        D:2 |      91 |       0 |   0.0 |      27 |       0 |   0.0
        D:3 |      94 |      49 |  34.3 |      21 |       3 |  12.5
        D:4 |     569 |       0 |   0.0 |      26 |       0 |   0.0
        D:5 |     584 |       0 |   0.0 |      19 |       0 |   0.0
        D:6 |      24 |       0 |   0.0 |       1 |       0 |   0.0
            +---------+---------+-------+---------+---------+-------
